 Dungeon Crawl Stone Soup version 0.29-a0-234-g0dae59b3db (webtiles) character file.

Game seed: 3992447584138794310

788 Aksej the Cudgeller (level 7, -1/84 HPs)
             Began as a Demonspawn Monk on Mar 2, 2022.
             Slain by a gnoll
             ... wielding a +0 halberd
              (11 damage)
             ... on level 5 of the Dungeon.
             The game lasted 00:10:49 (4724 turns).

Aksej the Cudgeller (Demonspawn Monk)               Turns: 4724, Time: 00:10:49

Health: -1/84      AC: 24    Str: 12    XL:     7   Next: 56%
Magic:  7/7        EV: -1    Int: 11    God:
Gold:   156        SH:  0    Dex: 17    Spells: 5/6 levels left

rFire   . . .      SeeInvis .   a - +1 mace (spect)
rCold   . . .      Faith    .   (no shield)
rNeg    . . .      Spirit   .   c - +1 crystal plate armour
rPois   .          Reflect  .   (helmet restricted)
rElec   .          Harm     .   (no cloak)
rCorr   .          Rampage  .   (no gloves)
Will    .....                   (no boots)
Stlth   ..........              (no amulet)
HPRegen 0.24/turn               (no ring)
MPRegen 0.10/turn               (no ring)

@: berserking (expiring), sanguine armoured, very quick
A: antennae 2, spiny 1, sanguine armour 2
a: no special abilities


You were on level 5 of the Dungeon.
You visited 1 branch of the dungeon, and saw 5 of its levels.

You collected 212 gold pieces.
You spent 56 gold pieces at shops.

Inventory:

Hand Weapons
 a - a +1 spectral mace (weapon)
Missiles
 l - 6 boomerangs (quivered)
Armour
 c - a +1 crystal plate armour (worn)
Jewellery
 j - an amulet of faith
Wands
 o - a wand of acid (9)
Scrolls
 d - 3 scrolls of identify
 g - a scroll of magic mapping
 i - 2 scrolls of torment
 m - a scroll of amnesia
 n - a scroll of blinking
 p - a scroll of summoning
 r - a scroll of fog
Potions
 b - a potion of haste
 e - a potion of invisibility
 f - 2 potions of brilliance
 k - 2 potions of curing
 q - a potion of mutation


   Skills:
 * Level 5.1 Fighting
 + Level 5.6 Maces & Flails
 + Level 1.0 Throwing
 + Level 1.2 Armour
 + Level 3.9 Dodging
 + Level 3.5 Stealth


You had 5 spell levels left.
You knew the following spells:

 Your Spells              Type           Power      Damage    Failure   Level
a - Magic Dart            Conj           0%         1d3       100%        1

Your spell library contained the following spells:

 Spells                   Type           Power      Damage    Failure   Level
 Searing Ray              Conj           0%         2d4       100%        2
 Fulminant Prism          Conj/Hex       0%         3d6       100%        4


Dungeon Overview and Level Annotations

Branches:
Dungeon (5/15)
 Temple: D:4-7

Altars:
Cheibriados
Hepliaklqana
Yredelemnul

Shops:
D:4 :?(


Innate Abilities, Weirdness & Mutations

You have a pair of antennae on your head.
You are partially covered in sharp spines.
When seriously injured, your blood forms thick armour. (AC +9)


Message History

A phantom comes into view.
The gnoll hits you but does no damage. The gnoll hits you with a +0 flail!
You hit the gnoll.
The gnoll is lightly wounded.
The gnoll is struck by your spines. The gnoll hits you but does no damage.
The gnoll hits you from afar with a +0 halberd!
* * * LOW HITPOINT WARNING * * *
A red film seems to cover your vision as you go berserk!
You feel yourself moving faster!
You feel mighty!
The gnoll hits you but does no damage. x2; The gnoll is struck by your spines.
The gnoll hits you but does no damage.
A gnoll comes into view. It is wielding a +0 spear.
You sock the gnoll!
You kill the gnoll!
The gnoll hits you from afar with a +0 halberd.
* * * LOW HITPOINT WARNING * * *
You hit the gnoll.
The gnoll is lightly wounded.
The gnoll hits you but does no damage.
You completely miss the gnoll.
The gnoll is lightly wounded.
The gnoll hits you but does no damage. x3
You hit the gnoll.
The gnoll is heavily wounded.
The gnoll hits you but does no damage.
The gnoll hits you from afar with a +0 halberd.
* * * LOW HITPOINT WARNING * * *
The gnoll hits you but does no damage.
You sock the gnoll!
You kill the gnoll!
The gnoll hits you but does no damage.
The gnoll hits you from afar with a +0 spear.
* * * LOW HITPOINT WARNING * * *
Your Throwing skill increases to level 1!
You barely miss the phantom. The phantom is struck by your spines.
The phantom hits you but does no damage.
You completely miss the phantom.
The phantom is moderately damaged.
The gnoll hits you from afar with a +0 halberd!
You die...

.....##.# #.#
####.###.###.###
............+{
##.###.....###{
..........{.+
.####..#.####
..........#
.##.#######g#######.
.........@W........>
.##.##.####g##......
... #.# .###. #.##.
#.# .. ..{ #. #.# ##
#..## ## .. ..#
##...### .. ###
.......# ....
.......# ...


You could see a phantom and 2 gnolls.

Vanquished Creatures
  A steam dragon (D:4)
  A water moccasin (D:5)
  An ogre (D:4)
  A necrophage (D:5)
  A scorpion (D:3)
  An orc priest (D:3)
  2 hounds
  A gnoll shaman (D:5)
  An orc wizard (D:3)
  6 gnolls
  3 adders
  3 worms (D:2)
  3 dart slugs
  16 orcs
  6 ball pythons
  5 bats
  5 endoplasms
  A giant cockroach (D:3)
  5 goblins
  9 hobgoblins
  4 jackals (D:1)
  7 kobolds
  8 quokkas
  4 frilled lizards
  5 rats
  3 bushes (D:4)
103 creatures vanquished.

Vanquished Creatures (others)
  3 plants (D:4)
3 creatures vanquished.

Grand Total: 106 creatures vanquished

Notes
Turn   | Place    | Note
-------+----------+-------------------------------------------
     0 | D:1      | Aksej the Demonspawn Monk began the quest for the Orb.
     0 | D:1      | Reached XP level 1. HP: 18/18 MP: 1/1
   321 | D:1      | Gained mutation: When seriously injured, your blood forms
                  | armour. (AC +9) [demonic ancestry]
   321 | D:1      | Reached XP level 2. HP: 24/24 MP: 2/2
   562 | D:1      | Found a faded altar of an unknown god.
  1086 | D:1      | Learned a level 1 spell: Magic Dart
  1499 | D:1      | Gained mutation: When seriously injured, your blood forms
                  | thick armour. (AC +9) [demonic ancestry]
  1499 | D:1      | Reached XP level 3. HP: 29/29 MP: 3/3
  2819 | D:3      | Gained mutation: You are partially covered in sharp spines.
                  | [demonic ancestry]
  2819 | D:3      | Reached XP level 4. HP: 31/37 MP: 4/4
  2938 | D:3      | Gained mutation: You have a pair of small antennae on your
                  | head. [demonic ancestry]
  2938 | D:3      | Reached XP level 5. HP: 42/42 MP: 5/5
  3382 | D:3      | Reached XP level 6. HP: 47/49 MP: 6/6
  3515 | D:4      | Found Ciyrchai's Book Boutique.
  3747 | D:4      | Noticed a steam dragon
  3759 | D:4      | Killed a steam dragon
  3760 | D:4      | Reached skill level 5 in Maces & Flails
  3885 | D:4      | Found Mym Deff's Magic Scroll Emporium.
  3894 | D:4      | Bought a scroll of identify for 28 gold pieces
  3894 | D:4      | Bought a scroll of identify for 28 gold pieces
  3911 | D:4      | Found Xamm's Weapon Shoppe.
  3959 | D:4      | Found a snail-covered altar of Cheibriados.
  3959 | D:4      | Found a basalt altar of Yredelemnul.
  3961 | D:4      | Found a hazy altar of Hepliaklqana.
  4192 | D:4      | Gained mutation: You have a pair of antennae on your head.
                  | [demonic ancestry]
  4192 | D:4      | Reached XP level 7. HP: 55/55 MP: 7/7
  4554 | D:5      | Entered Level 5 of the Dungeon
  4605 | D:5      | Reached skill level 5 in Fighting
  4701 | D:5      | Reached skill level 1 in Armour
  4723 | D:5      | Reached skill level 1 in Throwing
  4724 | D:5      | Slain by a gnoll

Illustrated notes

Levels and vault maps discovered:
D:1:      dpeg_arrival_rooms_b, layout_basic, chequers_ecumenical_altar_simple
D:2:      layout_basic
D:3:      layout_rooms, st_stairs_9, minmay_vboxes
D:4:      minmay_evil_eye, layout_loops_corners,
          gammafunk_temple_overflow_forgotten, serial_shops,
          nicolae_shop_temple_entry_statues_fountains, shop,
          nicolae_shop_crystal
D:5:      layout_basic, minmay_temple_entry_junction_2, st_stairs_3,
          uniq_eustachio

Skill      XL: |  1  2  3  4  5  6  7 |
---------------+----------------------+-----
Dodging        | 3 |  3.9
Maces & Flails | 3 4 5 |  5.6
Stealth        | 2 3 |  3.5
Fighting       | 4 5 |  5.1
Armour         | 1 |  1.2
Throwing       | 1 |  1.0

Action                   |  1- 3 |  4- 6 |  7- 9 || total
-------------------------+-------+-------+-------++-------
Melee: Mace              |   148 |   132 |    31 ||   311
       Punch             |     1 |     2 |       ||     3
Throw: Boomerang         |     7 |       |    11 ||    18
  Use: Scroll            |     9 |     5 |     3 ||    17
       Potion            |     1 |     2 |     1 ||     4
 Stab: Sleeping          |     4 |     1 |       ||     5
       Distracted        |       |     3 |       ||     3
Armor: Robe              |    54 |    10 |       ||    64
       Crystal plate arm |       |     7 |    36 ||    43
Dodge: Dodged            |   128 |    60 |     1 ||   189

Table legend: (Time is in decaauts)
 A = Elapsed time spent in this place.
 B = Non-inter-level travel time spent in this place.
 C = Inter-level travel time spent in this place.
 D = Time resting spent in this place.
 E = Time spent auto-exploring this place.
 F = Levels seen in this place.
 G = Mean time per level.
                   A        B        C        D        E       F      G
               +--------+--------+--------+--------+--------+-----+--------+
         Total |   4803 |   4702 |    101 |      0 |   3720 |   5 |  960.6 |
       Dungeon |   4803 |   4702 |    101 |      0 |   3720 |   5 |  960.6 |
               +--------+--------+--------+--------+--------+-----+--------+

Top non-repeatable levels by time:
     D:1: 1740 daAuts
     D:4: 1107 daAuts
     D:2: 1103 daAuts
     D:3: 677 daAuts
     D:5: 173 daAuts
